 Dungeon Crawl Stone Soup version 0.28.0 (webtiles) character file.

Game seed: 2134096095520202001

16166 RighteousDevil the Severer (level 12, -7/109 HPs)
             Began as a Deep Dwarf Monk on Feb 15, 2022.
             Was a High Priest of Makhleb.
             Mangled by a two-headed ogre (25 damage)
             ... on level 2 of the Orcish Mines.
             The game lasted 00:21:51 (8483 turns).

RighteousDevil the Severer (Deep Dwarf Monk)        Turns: 8483, Time: 00:21:52

Health: -7/109     AC: 13    Str: 20    XL:     12   Next: 7%
Magic:  9/9        EV: 16    Int: 11    God:    Makhleb [*****.]
Gold:   593        SH:  0    Dex: 15    Spells: 11/11 levels left

rFire   + . .      SeeInvis .   i - +2 battleaxe (elec)
rCold   . . .      Faith    .   (shield currently unavailable)
rNeg    . . .      Spirit   .   d - +2 ring mail {rF+}
rPois   +          Reflect  .   j - +1 helmet
rElec   .          Harm     .   (no cloak)
rCorr   .          Rampage  .   (no gloves)
Will    +....                   (no boots)
Stlth   ++........              (no amulet)
HPRegen 0.00/turn               f - +4 ring of evasion
MPRegen 0.11/turn               (no ring)

@: no status effects
A: damage resistance, heal wounds, sense surroundings 2, no regeneration,
iridescent scales 1, poison resistance
a: Heal Wounds, Renounce Religion, Minor Destruction, Lesser Servant of Makhleb,
Major Destruction, Greater Servant of Makhleb


You were on level 2 of the Orcish Mines.
You worshipped Makhleb.
Makhleb was extremely pleased with you.
You visited 2 branches of the dungeon, and saw 12 of its levels.

You collected 923 gold pieces.
You spent 330 gold pieces at shops.

Inventory:

Hand Weapons
 a - a +2 war axe of electrocution
 b - a +2 whip of electrocution
 i - a +2 battleaxe of electrocution (weapon)
Armour
 d - a +2 ring mail of fire resistance (worn)
 g - the +4 chain mail of Jomuab {+Blink rC- Dex+10}
   (You found it on level 7 of the Dungeon)

   Dex:       It affects your dexterity (+10).
   rC:        It makes you vulnerable to cold.
   +Blink:    It lets you blink.
 j - a +1 helmet (worn)
Jewellery
 f - a +4 ring of evasion (left hand)
 m - a ring of ice
 p - a ring of protection from fire
Wands
 k - a wand of digging (3)
 n - a wand of acid (3)
Potions
 c - 2 potions of mutation
 e - a potion of magic
 h - a potion of curing
 l - a potion of attraction
 o - a potion of ambrosia


   Skills:
 + Level 7.0 Fighting
 - Level 17.1 Axes
 + Level 7.4 Armour
 - Level 3.3 Dodging
 - Level 2.6 Stealth
 + Level 9.0 Invocations


You had 11 spell levels left.
You didn't know any spells.
Your spell library contained the following spells:

 Spells                   Type           Power      Damage    Failure   Level
 Conjure Flame            Conj/Fire      0%         6-21      86%         3
 Ignite Poison            Fire/Tmut/Pois 0%         N/A       86%         3
 Ozocubu's Armour         Ice            0%         N/A       86%         3
 Spider Form              Tmut/Pois      0%         N/A       86%         3
 Flame Wave               Conj/Fire      0%         2d4       99%         4
 Passage of Golubria      Tloc           0%         N/A       99%         4
 Petrify                  Tmut/Erth      0%         N/A       99%         4
 Sticky Flame             Conj/Fire      0%         2d3       99%         4
 Summon Ice Beast         Ice/Summ       0%         N/A       99%         4
 Fireball                 Conj/Fire      0%         3d3       100%        5
 Iskenderun's Battlesphe  Conj           0%         2d6       100%        5
 Silence                  Hex/Air        0%         N/A       100%        5
 Summon Mana Viper        Hex/Summ       0%         N/A       100%        5
 Yara's Violent Unravell  Hex/Tmut       0%         3d3       100%        5
 Conjure Ball Lightning   Conj/Air       0%         3x3d6     100%        6
 Monstrous Menagerie      Summ           0%         N/A       100%        7
 Orb of Destruction       Conj           0%         9d5       100%        7
 Ozocubu's Refrigeration  Ice            0%         4d5       100%        7
 Discord                  Hex            0%         N/A       100%        8
 Lehudib's Crystal Spear  Conj/Erth      0%         10d2      100%        8


Dungeon Overview and Level Annotations

Branches:
Dungeon (10/15)            Temple (0/1) D:7            Lair (0/6) D:9
    Orc (2/2) D:9
    Elf: Orc:2

Altars:
Ashenzari
Cheibriados
Dithmenos
Elyvilon
Makhleb
Nemelex Xobeh
Okawaru
Sif Muna
Trog
Uskayaw
Wu Jian
Xom
Zin
The Shining One

Shops:
D:5 [   D:8 ?   Orc:2 *((!

Annotations:
D:7 1 runed translucent door, Crazy Yiuf


Innate Abilities, Weirdness & Mutations

You are resistant to damage.
You can heal yourself by infusing magical energy.
You passively map the area around you.
You do not regenerate.
You are partially covered in iridescent scales. (AC +2)
Your system is resistant to poisons. (rPois)


Message History

You see here a +0 giant spiked club.
Unknown command.
Something hits you!
Your ynoxinul hits the two-headed ogre. Something hits you.
You hear some strange, mumbled words.
A bolt of magma appears from out of thin air!
The bolt of magma misses you.
Your ynoxinul gestures.
You hear some strange, mumbled words.
The two-headed ogre seems to speed up.
An ogre comes into view. It is wielding a +0 giant club.
Unknown command.
You aren't carrying any scrolls.
Okay, then.
Aiming: Dig
Press: ? - help, Shift-Dir - straight line A rock wall.
The rock shatters into small pieces.
The ogre shouts!
The two-headed ogre barely misses you. x2
You hear some strange, mumbled words.
Something tries to affect you, but you resist.
Something hits you!
* * * LOW HITPOINT WARNING * * *
Your ufetubus hits something.
Your ufetubus completely misses something.
Something hits you!
* * * LOW HITPOINT WARNING * * *
The two-headed ogre misses you. The two-headed ogre barely misses you.
Your ufetubus barely misses the two-headed ogre. x2
Something hits your ufetubus!
Your ufetubus dies!
Your ufetubus disappears in a puff of smoke!
You hear some strange, mumbled words.
Something tries to affect you, but you resist.
Your ufetubus hits something.
Your ufetubus hits something but does no damage.
The ogre misses your ynoxinul. Something barely misses you.
A demon appears!
The two-headed ogre hits you with a +0 giant club!!
You die...

*#..... , #.... , , ..., , ,
##.... ...... *######..# * #.#.#
......####........ , *
...###......##............O..,*
...##.#.....#................ ,
.....................∩∩......
..............4......∩∩...... ,
#...........#..O@............,
............##...............
.....)....O.###.............#**
,
..##..)).....##3#####..########.
.#..))))......O5...O)...........
.....).).........§.5.)).........
.......................#).....#.
................................
##..................).))).......


You could see a two-headed ogre (fast, ally target), an ogre, a friendly
hellwing (summoned), a friendly ynoxinul (summoned) and a friendly ufetubus
(summoned).

Vanquished Creatures
  Harold (Orc:1)
  An ogre mage (Orc:2)
  3 two-headed ogres (Orc:2)
  3 death yaks
  Pikel (D:5)
  Grinder (D:3)
  A troll (D:9)
  A wraith (D:8)
  A shadow (D:9)
  2 yaks (D:10)
  Eustachio (D:5)
  6 steam dragons
  3 wargs (Orc:1)
  Menkaure (D:6)
  3 water moccasins
  An ice beast (D:6)
  A black bear (D:7)
  2 sky beasts
  5 orc warriors
  3 necrophages
  10 ogres (Orc:2)
  7 centaurs
  2 phantoms (D:9)
  2 lemures (D:5)
  A kobold brigand (D:8)
  Blork the orc (D:4)
  2 bullfrogs (D:8)
  2 gnoll sergeants (D:9)
  2 scorpions
  10 killer bees (D:9)
  2 troll zombies (D:9)
  8 wights
  A howler monkey (D:8)
  A jelly (D:4)
  5 orc priests
  A gnoll shaman (D:6)
  5 hounds
  2 bullfrog skeletons (D:6)
  3 iguanas
  A scorpion zombie (D:5)
  7 orc wizards
  A killer bee zombie (D:6)
  6 ogre zombies (D:9)
  2 howler monkey zombies
  5 adders
  11 gnolls
  A shadow imp (D:8)
  An ufetubus (D:5)
  An adder skeleton (D:4)
  3 worms
  2 dart slugs
  26 orcs
  6 ball pythons
  6 bats
  8 endoplasms
  2 giant cockroaches
  7 goblins
  5 hobgoblins
  6 jackals (D:4)
  A frilled lizard (D:1)
  2 goblin skeletons (D:9)
  2 goblin zombies (D:9)
  7 hobgoblin zombies (D:9)
  16 kobolds
  2 orc skeletons (D:9)
  12 orc zombies (D:9)
  3 rats
260 creatures vanquished.

Vanquished Creatures (collateral kills)
  4 two-headed ogres (Orc:2)
  An orc knight (Orc:1)
  Prince Ribbit (D:5)
  2 orc warriors
  3 ogres (Orc:2)
  2 lemures (D:5)
  An orc wizard (Orc:2)
  2 orcs (Orc:2)
16 creatures vanquished.

Vanquished Creatures (others)
  7 fungi (D:6)
7 creatures vanquished.

Grand Total: 283 creatures vanquished

Notes
Turn   | Place    | Note
-------+----------+-------------------------------------------
     0 | D:1      | RighteousDevil the Deep Dwarf Monk began the quest for the
                  | Orb.
     0 | D:1      | Reached XP level 1. HP: 20/20 MP: 1/1
   218 | D:1      | Reached XP level 2. HP: 17/27 MP: 2/2
   740 | D:2      | Reached skill level 4 in Axes
   945 | D:2      | Reached XP level 3. HP: 19/34 MP: 3/3
  1442 | D:3      | Found a shadowy altar of Dithmenos.
  1455 | D:3      | Reached skill level 5 in Axes
  1484 | D:3      | Reached XP level 4. HP: 31/42 MP: 4/4
  1555 | D:3      | Learned a level 3 spell: Ozocubu's Armour
  1638 | D:3      | Noticed Grinder
  1671 | D:3      | Paralysed by Grinder for 2 turns
  1674 | D:3      | Killed Grinder
  1675 | D:3      | Reached skill level 7 in Axes
  1675 | D:3      | Reached XP level 5. HP: 20/49 MP: 5/5
  1675 | D:3      | Reached XP level 6. HP: 23/56 MP: 6/6
  1823 | D:3      | Found a shimmering altar of Xom.
  2041 | D:4      | Found an iron altar of Okawaru.
  2053 | D:4      | Found a burning altar of Makhleb.
  2064 | D:4      | Became a worshipper of Makhleb the Destroyer
  2064 | D:4      | Reached * piety under Makhleb
  2064 | D:4      | Reached ** piety under Makhleb
  2107 | D:4      | Noticed Blork the orc
  2128 | D:4      | Killed Blork the orc
  2170 | D:4      | Reached skill level 8 in Axes
  2221 | D:4      | You fall into a shaft and drop 1 floor!
  2221 | D:5      | Entered Level 5 of the Dungeon
  2221 | D:5      | Noticed Prince Ribbit
  2225 | D:5      | Noticed Eustachio
  2232 | D:5      | Found a broken altar of Ashenzari.
  2245 | D:5      | Found Lyloo's Armour Shoppe.
  2281 | D:5      | Got the Handbook of Conjuration and Malediction
  2287 | D:5      | Noticed Pikel
  2318 | D:5      | Killed Prince Ribbit
  2319 | D:5      | Reached skill level 9 in Axes
  2319 | D:5      | Reached XP level 7. HP: 30/62 MP: 6/6
  2336 | D:5      | Gained mutation: You are partially covered in iridescent
                  | scales. (AC +2) [potion of mutation]
  2336 | D:5      | Gained mutation: Your system is resistant to poisons.
                  | (rPois) [potion of mutation]
  2352 | D:5      | Killed Pikel
  2353 | D:5      | Reached skill level 11 in Axes
  2353 | D:5      | Reached XP level 8. HP: 23/69 MP: 6/6
  2360 | D:5      | Killed Eustachio
  2589 | D:4      | Reached skill level 12 in Axes
  3196 | D:6      | Reached skill level 13 in Axes
  3196 | D:6      | Gained mutation: You passively map the area around you.
                  | [Deep Dwarf growth]
  3196 | D:6      | Reached XP level 9. HP: 60/75 MP: 5/5
  3197 | D:6      | Reached *** piety under Makhleb
  3536 | D:6      | Reached skill level 14 in Axes
  3877 | D:6      | Noticed Menkaure
  3887 | D:6      | Killed Menkaure
  3958 | D:6      | Reached skill level 15 in Axes
  4211 | D:7      | Identified the +4 chain mail of Jomuab {+Blink rC- Dex+10}
  4683 | D:7      | Reached XP level 10. HP: 28/78 MP: 6/6
  4831 | D:7      | Found a staircase to the Ecumenical Temple.
  4983 | D:7      | Found a runed translucent door.
  4984 | D:7      | Noticed Crazy Yiuf
  5087 | D:8      | Found Sadui's Magic Scroll Emporium.
  5315 | D:8      | Bought a scroll of enchant weapon for 90 gold pieces
  5315 | D:8      | Bought a scroll of brand weapon for 240 gold pieces
  5542 | D:8      | Found an ornate altar of the Wu Jian Council.
  5542 | D:8      | Found a hide-covered altar of Uskayaw.
  5544 | D:8      | Found a bloodstained altar of Trog.
  5669 | D:8      | Reached skill level 16 in Axes
  5712 | D:8      | Got Sif Muna's Compendium of Transformation
  5736 | D:8      | Found a sparkling altar of Nemelex Xobeh.
  5769 | D:8      | Found a snail-covered altar of Cheibriados.
  6167 | D:9      | Reached **** piety under Makhleb
  6191 | D:9      | Found a white marble altar of Elyvilon.
  6191 | D:9      | Found a glowing golden altar of the Shining One.
  6192 | D:9      | Found a glowing silver altar of Zin.
  6316 | D:9      | Found a shimmering blue altar of Sif Muna.
  6509 | D:9      | Identified the +1 robe of Parlour Games {Fly SInv Stlth+}
  6619 | D:9      | Reached skill level 17 in Axes
  6717 | D:9      | Found a staircase to the Orcish Mines.
  6742 | D:9      | Reached ***** piety under Makhleb
  6914 | D:9      | Reached skill level 1 in Armour
  6914 | D:9      | Reached skill level 1 in Invocations
  6948 | D:9      | Noticed a death yak
  6950 | D:9      | Noticed a death yak
  6951 | D:9      | Found a staircase to the Lair.
  6951 | D:9      | Noticed a death yak
  6976 | D:10     | Entered Level 10 of the Dungeon
  7093 | D:10     | Killed a death yak
  7094 | D:10     | Killed a death yak
  7120 | D:9      | Killed a death yak
  7121 | D:9      | Reached XP level 11. HP: 26/93 MP: 10/10
  7647 | Orc:1    | Entered Level 1 of the Orcish Mines
  7734 | Orc:1    | Reached skill level 5 in Invocations
  7942 | Orc:1    | Noticed Harold
  7963 | Orc:1    | Killed Harold
  7964 | Orc:1    | Reached skill level 5 in Fighting
  8081 | Orc:2    | Entered Level 2 of the Orcish Mines
  8081 | Orc:2    | Noticed an orc knight
  8117 | Orc:1    | Killed an orc knight
  8262 | Orc:2    | Reached skill level 5 in Armour
  8343 | Orc:2    | Noticed a two-headed ogre
  8344 | Orc:2    | Noticed a two-headed ogre
  8352 | Orc:2    | Noticed a two-headed ogre
  8355 | Orc:2    | Killed a two-headed ogre
  8374 | Orc:2    | Killed a two-headed ogre
  8380 | Orc:2    | Killed a two-headed ogre
  8401 | Orc:2    | Noticed a two-headed ogre
  8405 | Orc:2    | Noticed a two-headed ogre
  8411 | Orc:2    | Killed a two-headed ogre
  8416 | Orc:2    | Killed a two-headed ogre
  8441 | Orc:2    | Found Idypenid's Distillery.
  8441 | Orc:2    | Noticed a two-headed ogre
  8442 | Orc:2    | Noticed a two-headed ogre
  8444 | Orc:2    | Found Jiceicvu's Weapon Emporium.
  8444 | Orc:2    | Found Niann's Assorted Antiques.
  8444 | Orc:2    | Found Wyubbiom's Weapon Emporium.
  8451 | Orc:2    | Killed a two-headed ogre
  8454 | Orc:2    | Noticed an ogre mage
  8455 | Orc:2    | Killed a two-headed ogre
  8456 | Orc:2    | Reached XP level 12. HP: 80/106 MP: 9/9
  8457 | Orc:2    | Noticed an ogre mage
  8461 | Orc:2    | Noticed a two-headed ogre
  8463 | Orc:2    | Killed an ogre mage
  8465 | Orc:2    | Noticed a two-headed ogre
  8468 | Orc:2    | Noticed a two-headed ogre
  8483 | Orc:2    | Mangled by a two-headed ogre

Illustrated notes

Levels and vault maps discovered:
D:1:      amcnicky_arrival_gap_in_the_tavern_cellar, layout_loops_ring,
          minmay_fountain_box, serial_bayou_pond_e
D:2:      layout_rooms
D:3:      layout_basic, nicolae_dithmenos_through_a_glass_darkly,
          mainiacjoe_overflow_24_doors, serial_park_tiny_pond, uniq_grinder
D:4:      layout_basic, bloody_makhleb, mainiacjoe_overflow_alcove_1,
          uniq_blork_the_orc
D:5:      layout_cave_pools, ashenzari_altar_1, serial_shops, shop,
          kennysheep_dice, uniq_pikel, uniq_prince_ribbit1, uniq_eustachio
D:6:      kennysheep_steamy, layout_basic, nrook_mini_backslash, uniq_menkaure
D:7:      layout_rooms, minmay_temple_entry_poolview, serial_aquarium,
          aquarium_bridge_long_separate [aquarium_subvault_wall,
          aquarium_subvault_bridge, aquarium_subvault_bridge,
          aquarium_subvault_bridge, aquarium_subvault_bridge,
          aquarium_subvault_wall], aquarium_window_corner, aquarium_window_3,
          aquarium_window_1, aquarium_window_1, aquarium_view_2e,
          aquarium_pool_five, uniq_crazy_yiuf_cottage
D:8:      layout_loops_ring, minitemple, mainiacjoe_overflow_two_lobes,
          serial_shops, nicolae_square_shop, st_stairs_9
D:9:      layout_layer_cave, good_gods_temple_1, nicolae_overflow_crystal_walls,
          dpeg_lair_monsters, zombieorc2_lemuel
D:10:     layout_long_grid, nicolae_ru_the_path_less_chosen,
          minmay_misc_feat_roman, small_statue_alley_a
Orc:1:    layout_caves, uniq_harold
Orc:2:    st_orc_ogre_mass, layout_caves, minmay_orc_barracks

Skill      XL: |  1  2  3  4  5  6  7  8  9 10 11 12 |
---------------+-------------------------------------+-----
Fighting       | 3 4 6 7 |  7.0
Axes           | 4 5 7 9 11 13 15 17 | 17.1
Armour         | 3 7 |  7.4
Invocations    | 4 8 9 |  9.0
Dodging        | |  3.3
Stealth        | |  2.6

Action                   |  1- 3 |  4- 6 |  7- 9 | 10-12 || total
-------------------------+-------+-------+-------+-------++-------
Melee: Hand axe          |   125 |   114 |    25 |       ||   264
       Punch             |     5 |     2 |     6 |     5 ||    18
       Whip              |       |       |   338 |    19 ||   357
       War axe           |       |       |       |   297 ||   297
       Battleaxe         |       |       |       |    53 ||    53
Invok: Lesser Servant of |       |       |       |     8 ||     8
 Abil: Heal Wounds       |     2 |     4 |     9 |    17 ||    32
Evoke: Wand              |       |       |       |     3 ||     3
  Use: Scroll            |     4 |     6 |     3 |     7 ||    20
       Potion            |       |     5 |     6 |     5 ||    16
 Stab: Sleeping          |     7 |     2 |       |     1 ||    10
       Distracted        |       |       |       |     3 ||     3
Armor: Robe              |    17 |     9 |       |       ||    26
       Ring mail         |       |    39 |   174 |    97 ||   310
Dodge: Dodged            |    79 |    93 |   273 |   268 ||   713
